 Dungeon Crawl Stone Soup version 0.20.0-3-g22ec75f (webtiles) character file.

126 KiwiOfAdowableness the Firebug (level 4, -1/24 HPs)
             Began as a Deep Elf Fire Elementalist on May 26, 2017.
             Killed from afar by an orc wizard (9 damage)
             ... with a magic dart
             ... on level 4 of the Dungeon.
             The game lasted 00:10:19 (3118 turns).

KiwiOfAdowableness the Firebug (DEFE)               Turns: 3118, Time: 00:10:19

Health: -1/24      AC:  3    Str:  5    XL:     4   Next: 83%
Magic:  0/12       EV: 13    Int: 21    God:
Gold:   136        SH:  0    Dex: 15    Spells: 4/12 levels left

rFire    . . .     SeeInvis .   p - +1 spear (venom)
rCold    + . .     Gourm    .   (no shield)
rNeg     . . .     Faith    .   a - +0 robe
rPois    .         Spirit   .   q - +0 helmet
rElec    .         Reflect  .   (no cloak)
rCorr    .         Harm     .   (no gloves)
MR       .....                  (no boots)
Stlth    +++.......             (no amulet)
Regen    0.1/turn               j - ring of protection from cold
MPRegen  0.2/turn               n - ring of stealth

@: very slightly contaminated, drained
A: no striking features
a: no special abilities


You were on level 4 of the Dungeon.
You were not hungry.

You visited 1 branch of the dungeon, and saw 4 of its levels.

You collected 136 gold pieces.

Inventory:

Hand Weapons
 p - a +1 spear of venom (weapon)
Armour
 a - a +0 robe (worn)
 q - a +0 helmet (worn)
Jewellery
 j - a ring of protection from cold (left hand)
 n - a ring of stealth (right hand)
Wands
 x - a wand of paralysis (10/24)
Scrolls
 d - 2 scrolls of remove curse {unknown}
 e - a scroll of random uselessness {unknown}
 f - a scroll of immolation {unknown}
 g - a scroll of magic mapping {unknown}
 h - 2 scrolls of fog {unknown}
 l - 3 scrolls of teleportation {unknown}
 s - 4 scrolls of recharging {unknown}
 t - 3 scrolls of identify {unknown}
 w - a scroll of amnesia {unknown}
Potions
 c - 2 potions of brilliance {unknown}
 i - 2 potions of curing
 m - a potion of might {unknown}
 o - a potion of lignification {unknown}
 r - a potion of resistance {unknown}
 v - a potion of flight {unknown}
Books
 b - a book of Flames

   Spells                             Type                      Level
   a - Flame Tongue                   Conjuration/Fire             1
   b - Throw Flame                    Conjuration/Fire             2
   c - Conjure Flame                  Conjuration/Fire             3
   d - Inner Flame                    Hexes/Fire                   3
   e - Sticky Flame                   Conjuration/Fire             4
   f - Fireball                       Conjuration/Fire             5
Comestibles
 k - 3 royal jellies
 u - 2 bread rations


   Skills:
 - Level 2.4(2.1) Dodging
 - Level 2.4(2.1) Stealth
 + Level 4.6(4.3) Spellcasting
 - Level 1.1(0.8) Conjurations
 - Level 5.4(5.1) Fire Magic


You had 4 spell levels left.
You knew the following spells:

 Your Spells              Type           Power        Failure   Level  Hunger
a - Flame Tongue          Conj/Fire      ###..        3%          1    None
c - Conjure Flame         Conj/Fire      ###.....     11%         3    ##.....
d - Sticky Flame          Conj/Fire      ###.....     34%         4    ####...


Dungeon Overview and Level Annotations

Branches:
Dungeon (4/15)
 Temple: D:4-7

Altars:
Cheibriados
Fedhas
Gozag
Kikubaaqudgha
Makhleb
Xom

Annotations:
D:2 Terence
D:3 1 runed door, exclusion: door
D:4 Sigmund


Message History

Confirm with . or Enter, or press ? or * to list all spells.
Aiming: Flame Tongue
Press: ? - help, Shift-Dir - straight line, f/p - orc wizard
Aim: an orc wizard, wielding a dagger of draining and wearing a robe The flame tongue hits the orc wizard.
The orc wizard is moderately wounded.
The orc wizard barely misses you.
The orc wizard gestures wildly while chanting.
The orc wizard flickers and vanishes!
Deactivating autopickup; reactivate with Ctrl-A.
Casting: Flame Tongue
Confirm with . or Enter, or press ? or * to list all spells.
Aiming: Flame Tongue
Press: ? - help, Shift-Dir - straight line, f/p - orc wizard
Aim: an orc wizard, wielding a dagger of draining and wearing a robe (moderately wounded)
The flame tongue hits the orc wizard.
The orc wizard is heavily wounded.
The orc wizard casts a spell at you. The magic dart hits you!
You die...

............#.#....
.#........#..?.....
######oo........@......
##....................#.
#..##o.o...<.####.....#.
##.....#.####.# #....#.
#########.....##..##..# #....#.
#...........%o{##.....# #.###.
#.............oo@.....## #...#.
#.....##.......##.#....#######...
#................_...#.....<.....
####..##........#.#########......
###..###.......##................
......##.......# ##..............
......##......## ######........
.........#...## ###......
......######## #..(...


You could see an orc wizard and 2 orcs.

Vanquished Creatures
  An orc wizard (D:4)
  Robin (D:2)
  2 oozes (D:3)
  An adder skeleton (D:4)
  2 worms (D:2)
  2 dart slugs (D:1)
  An orc (D:3)
  7 bats
  2 giant cockroaches
  16 goblins
  5 hobgoblins
  5 kobolds
  2 quokkas
  3 frilled lizards
  10 rats
60 creatures vanquished.

Notes
Turn   | Place    | Note
-------+----------+-------------------------------------------
     0 | D:1      | KiwiOfAdowableness the Deep Elf Fire Elementalist began the quest for the Orb.
     0 | D:1      | Reached XP level 1. HP: 10/10 MP: 6/6
   228 | D:1      | Reached skill level 4 in Fire Magic
   228 | D:1      | Reached XP level 2. HP: 14/15 MP: 1/8
   804 | D:1      | You fall through a shaft!
   985 | D:2      | Reached XP level 3. HP: 17/19 MP: 2/9
  1181 | D:2      | Found an opulent altar of Gozag.
  1181 | D:2      | Found a snail-covered altar of Cheibriados.
  1373 | D:2      | Noticed Terence
  1382 | D:2      | Learned a level 3 spell: Conjure Flame
  1702 | D:2      | Noticed Robin
  1717 | D:2      | Reached skill level 5 in Fire Magic
  1875 | D:2      | Found a blossoming altar of Fedhas.
  1892 | D:2      | Killed Robin
  1924 | D:2      | Reached XP level 4. HP: 23/24 MP: 3/10
  2128 | D:3      | Found a runed door.
  2270 | D:3      | Found a burning altar of Makhleb.
  2321 | D:3      | Found an ancient bone altar of Kikubaaqudgha.
  2481 | D:3      | Learned a level 4 spell: Sticky Flame
  2878 | D:4      | Noticed Sigmund
  2931 | D:4      | Found a shimmering altar of Xom.
  3118 | D:4      | Killed from afar by an orc wizard

Skill      XL: |  1  2  3  4 |
---------------+-------------+-----
Fire Magic     | 4 5 |  5.4
Spellcasting   | 4 |  4.6
Dodging        | |  2.4
Stealth        | |  2.4
Conjurations   | |  1.1

Action                   |  1- 3 |  4- 6 || total
-------------------------+-------+-------++-------
Melee: Short sword       |     2 |       ||     2
       Spear             |       |    26 ||    26
 Cast: Flame Tongue      |    95 |    30 ||   125
       Conjure Flame     |     1 |       ||     1
  Use: Potion            |     1 |       ||     1
  Eat: Bread ration      |     1 |     1 ||     2
Armor: Robe              |    11 |     4 ||    15
Dodge: Dodged            |    22 |    17 ||    39
